Map: Jagannatha LE

Players

HellraiseR

  • Race: Protoss Protoss
  • League: Master
  • Spawn Location: 7:00

ShaDoWn - Winner!

  • Race: Protoss Protoss
  • Spawn Location: 1:00

Event: DreamHack SC2 Masters 2020 Winter

VOD

Have the link to the VOD?

Description

Time

  • Played on: Oct. 24, 2020, 11:55 a.m.
  • Length: 15:58

All games in this series

Show
View Real Time Build Order
Export as new Build Order

HellraiseR Protoss 

Build Orders: Phoenix Opening 

Get SALT Encoding   

  12  0:00  Probe  
  13  0:12  Probe  
  14  0:17  Pylon  
  14  0:24  Probe (Chrono Boost)  
  15  0:36  Gateway, Probe (Chrono Boost)  
  16  0:44  Probe (Chrono Boost)  
  16  0:46  Assimilator  
  17  0:50  Probe  
  17  0:54  Assimilator  
  18  1:03  Probe (Chrono Boost)  
  19  1:10  Gateway  
  19  1:13  Probe (Chrono Boost)  
  19  1:17  Probe (Chrono Boost)  
  20  1:24  Cybernetics Core  
  21  1:29  Probe  
  22  1:36  Pylon  
  22  1:41  Probe  
  23  1:54  Probe  
  23  2:00  Stalker  
  28  2:02  Warp Gate, Sentry  
  28  2:06  Probe  
  29  2:12  Pylon  
  29  2:18  Probe  
  30  2:32  Stargate  
  32  2:54  Nexus  
  32  3:01  Stalker, Shield Battery  
  32  3:06  Probe  
  32  3:12  Shield Battery  
  36  3:22  Probe  
  36  3:26  Phoenix (Chrono Boost)  
  36  3:29  Pylon  
  36  3:34  Pylon  
  36  3:35  Probe  
  37  3:44  Phoenix (Chrono Boost)  
  37  3:47  Probe  
  40  3:49  Pylon  
  40  4:00  Probe  
  40  4:02  Phoenix (Chrono Boost)  
  37  4:12  Twilight Council  
  37  4:16  Probe  
  37  4:18  Probe  
  38  4:28  Probe  
  38  4:30  Probe  
  40  4:40  Probe  
  40  4:42  Probe  
  42  4:51  Dark Shrine  
  42  4:52  Probe  
  43  4:54  Probe (Chrono Boost)  
  43  4:58  Phoenix  
  46  5:04  Probe (Chrono Boost)  
  46  5:07  Probe (Chrono Boost)  
  48  5:12  Forge  
  48  5:14  Probe x2 (Chrono Boost)  
  49  5:18  Shield Battery  
  49  5:19  Probe (Chrono Boost)  
  49  5:21  Probe  
  52  5:31  Probe (Chrono Boost)  
  52  5:33  Probe (Chrono Boost)  
  52  5:34  Blink (Chrono Boost)  
  54  5:37  Pylon  
  54  5:38  Pylon  
  54  5:42  Protoss Ground Weapons Level 1 (Chrono Boost), Probe (Chrono Boost)  
  55  5:44  Probe (Chrono Boost)  
  55  5:47  Probe (Chrono Boost)  
  55  5:49  Probe  
  57  5:50  Assimilator  
  58  5:57  Probe  
  58  6:01  Probe  
  59  6:07  Dark Templar  
  59  6:09  Probe  
  62  6:11  Dark Templar  
  62  6:14  Probe  
  65  6:21  Probe  
  66  6:26  Probe  
  66  6:33  Probe  
  66  6:36  Nexus  
  67  6:40  Probe  
  67  6:44  Pylon  
  67  6:45  Gateway, Probe  
  67  6:46  Gateway  
  69  6:52  Probe  
  68  6:54  Stalker x2  
  72  7:05  Probe  
  73  7:09  Probe  
  73  7:10  Gateway  
  73  7:11  Gateway, Pylon  
  73  7:14  Shield Battery  
  74  7:17  Probe  
  74  7:19  Robotics Facility  
  74  7:21  Stalker, Probe  
  78  7:23  Stalker  
  78  7:29  Probe  
  81  7:33  Probe  
  80  7:38  Protoss Ground Weapons Level 2 (Chrono Boost)  
  80  7:41  Probe  
  79  7:44  Stalker x2  
  79  7:49  Assimilator  
  79  7:50  Stalker  
  85  7:54  Stalker  
  87  8:03  Shield Battery  
  87  8:04  Stalker, Immortal (Chrono Boost)  
  89  8:11  Stalker x2  
  97  8:16  Stalker  
  99  8:25  Stalker x2  
  101  8:30  Gateway  
  101  8:34  Immortal (Chrono Boost)  
  101  8:39  Zealot x4  
  103  8:46  Probe  
  96  8:50  Stalker x2  
  96  8:52  Charge  
  100  8:56  Assimilator  
  100  8:58  Pylon  
  100  9:02  Warp Prism (Chrono Boost)  
  100  9:06  Stalker x2  
  106  9:18  Gateway  
  106  9:19  Pylon  
  106  9:23  Photon Cannon  
  106  9:24  Photon Cannon  
  106  9:28  Pylon  
  106  9:29  Stalker, Observer (Chrono Boost), Photon Cannon  
  109  9:42  Nexus  
  107  9:47  Sentry x2  
  107  9:48  Stalker, Protoss Ground Weapons Level 3 (Chrono Boost)  
  107  9:50  Stalker  
  107  9:51  Stalker  
  117  9:58  Observer  
  118  10:03  Probe  
  119  10:13  Probe  
  112  10:15  Probe x2  
  112  10:17  Zealot x6  
  126  10:23  Warp Prism (Chrono Boost)  
  126  10:28  Probe  
  129  10:31  Probe  
  129  10:32  Photon Cannon  
  129  10:33  Probe  
  131  10:46  Dark Templar  
  133  10:50  Pylon x2  
  133  10:51  Pylon, Shadow Stride  
  133  10:53  Shield Battery  
  133  10:59  Photon Cannon  
  133  11:03  Dark Templar x3  
  139  11:07  Dark Templar  
  139  11:10  Probe  
  142  11:11  Dark Templar  
  142  11:15  Dark Templar  
  146  11:20  Zealot x2  
  148  11:33  Probe  
  148  11:37  Zealot x3  
  153  11:42  Stalker x3  
  158  11:47  Dark Templar  
  158  11:48  Dark Templar  
  154  11:58  Warp Prism  
  146  12:06  Probe  
  131  12:10  Probe  
  131  12:12  Pylon  
  131  12:13  Pylon  
  131  12:15  Stalker x5, Zealot  
  134  12:25  Pylon  
  134  12:28  Assimilator  
  134  12:37  Photon Cannon  
  134  12:40  Photon Cannon  
  134  12:42  Shield Battery  
  134  12:45  Photon Cannon  
  134  12:49  Zealot x8  
  112  12:58  Immortal (Chrono Boost)  
  112  13:02  Probe  
  112  13:04  Probe  
  118  13:10  Stalker x4  
  126  13:20  Dark Templar x4  
  126  13:21  Protoss Ground Armor Level 1 (Chrono Boost)  
  134  13:27  Probe  
  134  13:35  Stalker x3, Zealot  
  142  13:43  Nexus  
  142  13:53  Zealot x4  
  143  14:06  Zealot x3  
  143  14:09  Observer (Chrono Boost)  
  148  14:13  Nexus  
  148  14:15  Probe x2  
  144  14:26  Pylon  
  144  14:27  Probe x2, Immortal (Chrono Boost)  
  144  14:28  Probe  
  151  14:34  Stalker x5  
  161  14:46  Stalker x3  
  157  14:57  Dark Templar x4  
  157  14:59  Zealot, Observer  
  159  15:01  Probe  
  159  15:03  Probe  
  157  15:12  Probe  
  152  15:16  Stalker x3  
  156  15:22  Stalker  
  156  15:28  Probe x2  
  160  15:29  Zealot x2  
  160  15:30  Zealot x2  
  135  15:52  Zealot x6  
Show
View Real Time Build Order
Export as new Build Order

ShaDoWn Protoss - Winner!

Build Orders: Oracle Opening 

Get SALT Encoding   

  12  0:00  Probe  
  13  0:12  Probe  
  14  0:17  Pylon  
  14  0:24  Probe  
  15  0:36  Probe (Chrono Boost)  
  15  0:37  Gateway  
  16  0:47  Assimilator, Probe (Chrono Boost)  
  17  0:52  Probe (Chrono Boost)  
  17  0:55  Assimilator  
  18  1:03  Probe (Chrono Boost)  
  20  1:11  Gateway  
  20  1:12  Probe (Chrono Boost)  
  20  1:17  Probe (Chrono Boost)  
  21  1:25  Cybernetics Core  
  21  1:29  Probe  
  22  1:34  Pylon  
  22  1:41  Probe  
  23  1:53  Probe  
  24  2:02  Warp Gate, Adept x2  
  24  2:05  Probe  
  29  2:14  Pylon  
  29  2:24  Stargate  
  29  2:32  Adept  
  29  2:33  Adept  
  29  2:36  Probe  
  34  2:59  Nexus  
  34  3:05  Oracle (Chrono Boost)  
  34  3:11  Probe  
  38  3:17  Pylon  
  38  3:25  Probe  
  39  3:37  Probe  
  39  3:41  Twilight Council  
  40  3:49  Probe  
  40  3:55  Stalker, Sentry  
  45  4:01  Forge  
  45  4:02  Probe (Chrono Boost)  
  43  4:11  Probe (Chrono Boost)  
  45  4:17  Blink  
  45  4:18  Probe (Chrono Boost)  
  45  4:21  Probe (Chrono Boost)  
  47  4:26  Probe (Chrono Boost)  
  47  4:28  Stalker  
  47  4:30  Probe (Chrono Boost)  
  50  4:31  Probe (Chrono Boost)  
  50  4:35  Protoss Ground Weapons Level 1 (Chrono Boost)  
  50  4:38  Probe  
  52  4:39  Probe  
  53  4:49  Assimilator  
  53  4:50  Probe  
  53  4:51  Probe  
  55  4:53  Stalker  
  55  4:55  Stalker  
  59  5:02  Probe  
  59  5:04  Probe  
  59  5:06  Pylon  
  62  5:14  Probe  
  62  5:16  Nexus  
  62  5:24  Pylon  
  62  5:28  Probe  
  62  5:32  Gateway  
  59  5:35  Stalker x2  
  59  5:36  Gateway  
  59  5:39  Probe  
  64  5:43  Probe  
  64  5:44  Robotics Facility  
  65  5:51  Probe  
  65  5:54  Pylon  
  65  5:55  Probe  
  65  5:56  Pylon  
  67  6:00  Stalker x2  
  67  6:03  Probe  
  70  6:06  Phoenix  
  70  6:07  Probe  
  71  6:16  Probe  
  70  6:27  Stalker x3  
  70  6:28  Probe  
  70  6:29  Probe  
  70  6:30  Probe  
  70  6:32  Observer (Chrono Boost)  
  77  6:40  Probe  
  77  6:43  Stalker  
  77  6:44  Protoss Ground Weapons Level 2 (Chrono Boost), Probe  
  78  6:52  Probe  
  78  6:55  Probe  
  78  6:56  Photon Cannon  
  78  6:58  Probe  
  80  7:04  Stalker x2  
  80  7:06  Photon Cannon  
  84  7:10  Photon Cannon  
  84  7:15  Stalker, Warp Prism (Chrono Boost)  
  84  7:16  Stalker  
  90  7:32  Stalker, Probe  
  90  7:35  Pylon  
  90  7:36  Stalker  
  94  7:38  Shield Battery  
  94  7:42  Stalker  
  94  7:43  Probe x2  
  94  7:44  Probe  
  99  7:45  Assimilator  
  99  7:47  Assimilator  
  99  7:55  Assimilator, Probe x2  
  101  7:58  Probe  
  101  8:01  Stalker x2  
  106  8:07  Probe  
  107  8:13  Probe x2  
  107  8:16  Stalker x2  
  114  8:20  Probe  
  114  8:25  Stalker  
  116  8:27  Probe  
  116  8:29  Pylon, Nexus  
  116  8:32  Pylon  
  116  8:34  Pylon  
  109  8:48  Probe  
  94  8:50  Probe x2  
  94  8:56  Shield Battery  
  94  8:58  Photon Cannon, Dark Shrine  
  94  8:59  Stalker x4  
  94  9:00  Probe  
  94  9:02  Charge (Chrono Boost), Probe x2  
  105  9:05  Shield Battery  
  105  9:09  Shield Battery  
  105  9:12  Probe  
  105  9:14  Probe  
  105  9:15  Protoss Ground Weapons Level 3 (Chrono Boost), Probe  
  108  9:25  Stalker x2, Sentry  
  108  9:27  Stalker  
  116  9:34  Gateway  
  116  9:35  Gateway  
  116  9:36  Gateway  
  114  9:47  Gateway  
  114  9:49  Stalker x2  
  114  9:50  Gateway, Sentry  
  120  9:54  Stalker, Observer  
  120  9:58  Gateway  
  123  10:05  Pylon  
  116  10:14  Stalker x2  
  116  10:15  Stalker  
  116  10:18  Stalker  
  116  10:19  Pylon, Shadow Stride (Chrono Boost)  
  124  10:23  Photon Cannon  
  124  10:24  Warp Prism (Chrono Boost)  
  126  10:30  Stalker x2  
  126  10:32  Probe x4  
  134  10:39  Stalker x3  
  134  10:41  Assimilator  
  140  10:45  Assimilator, Stalker, Pylon  
  142  11:04  Dark Templar x5  
  142  11:09  Zealot x5  
  162  11:20  Gateway  
  162  11:23  Gateway  
  162  11:33  Stalker x5  
  162  11:38  Stalker x4  
  167  11:59  Dark Templar x2, Zealot x4  
  168  12:07  Probe  
  168  12:08  Probe x3  
  155  12:15  Stalker x4  
  161  12:18  Stalker x2  
  161  12:20  Probe x4  
  169  12:25  Stalker x3  
  175  12:34  Stalker x2  
  179  12:40  Assimilator  
  179  12:42  Photon Cannon  
  151  12:52  Stalker x5  
  151  12:56  Observer  
  152  13:03  Stalker x4  
  160  13:16  Nexus  
  160  13:17  Stalker x2  
  164  13:31  Stalker x4, Pylon  
  172  13:35  Zealot  
  172  13:38  Observer (Chrono Boost)  
  175  13:47  Stalker x2  
  160  14:05  Stalker x9  
  178  14:12  Robotics Facility  
  178  14:15  Robotics Bay  
  178  14:22  Photon Cannon  
  178  14:29  Robotics Facility  
  178  14:40  Stalker x4  
  182  14:46  Zealot x3  
  182  14:52  Pylon  
  188  14:53  Shield Battery  
  188  14:55  Photon Cannon  
  188  14:57  Zealot x4  
  188  15:09  Stalker x4  
  188  15:11  Observer (Chrono Boost)  
  186  15:17  Observer (Chrono Boost)  
  186  15:20  Stalker x4  
  195  15:22  Stalker  
  195  15:24  Stalker  
Tags
 
Add a new tag
Caveats
  • Supply blocks, unpowered buildings, or Contaminate may cause inaccurate times.
  • Supply counts are checked every 10 seconds.